Map: Eastwatch LE

Players

fruitcake - Winner!

  • Race: Terran Terran
  • Spawn Location: 1:00

A.I. 1 (Hard)

  • Race: Protoss Protoss
  • Spawn Location: 7:00

VOD

Have the link to the VOD?

Description

Time

  • Played on: May 5, 2018, 1:37 p.m.
  • Length: 8:47
Show
View Real Time Build Order
Export as new Build Order

fruitcake Terran - Winner!

Build Orders:  

Get SALT Encoding   

  12  0:01  SCV  
  13  0:13  Supply Depot  
  13  0:18  SCV  
  14  0:30  SCV  
  15  0:39  Barracks  
  15  0:42  SCV  
  16  0:48  Refinery  
  16  0:54  SCV  
  17  1:06  SCV  
  18  1:19  SCV  
  19  1:32  Command Center  
  19  1:38  Marine  
  20  1:43  Orbital Command  
  20  1:56  Marine  
  21  2:17  Marine  
  22  2:30  Engineering Bay  
  22  2:35  Barracks  
  22  2:41  Barracks Reactor  
  22  2:45  SCV x2  
  24  2:51  Refinery  
  24  2:59  Supply Depot  
  24  3:03  SCV  
  24  3:04  SCV  
  26  3:15  SCV  
  26  3:17  Marine  
  26  3:18  Marine  
  29  3:22  Barracks Reactor  
  29  3:23  Barracks  
  29  3:27  SCV  
  29  3:29  SCV  
  29  3:32  Terran Infantry Weapons Level 1  
  31  3:39  SCV, Supply Depot  
  31  3:41  Marine x2  
  33  3:43  SCV  
  35  3:51  SCV  
  35  3:54  Supply Depot  
  35  3:55  SCV  
  37  3:59  Marine x2  
  39  4:03  SCV  
  39  4:05  Marine x2  
  39  4:07  SCV  
  43  4:12  Barracks Tech Lab  
  43  4:15  SCV  
  43  4:16  Marine  
  43  4:17  Marine  
  45  4:19  SCV  
  45  4:22  Marine  
  45  4:23  Marine  
  49  4:28  SCV  
  50  4:31  SCV  
  50  4:34  Marine x2  
  50  4:37  Marauder  
  55  4:40  Marine x2  
  55  4:45  Supply Depot  
  57  4:46  Supply Depot  
  57  4:52  Marine x2, Refinery  
  58  4:56  SCV  
  58  4:58  Marauder  
  62  5:07  Marine x2, SCV  
  62  5:10  Marine x2  
  62  5:11  Supply Depot  
  67  5:19  Marauder  
  69  5:24  Marine x2  
  69  5:26  Terran Infantry Armor Level 1  
  69  5:28  Marine  
  72  5:31  Marine  
  73  5:38  Supply Depot  
  73  5:41  Marauder  
  73  5:42  Marine x2  
  73  5:45  Marine  
  73  5:49  Marine  
  72  6:00  Marine x2  
  72  6:02  Marauder  
  72  6:03  Marine  
  78  6:04  SCV  
  78  6:07  Marine  
  79  6:13  Supply Depot  
  79  6:15  Stimpack  
  79  6:18  Marine x2  
  81  6:21  Marine  
  81  6:24  Marine, Marauder  
  85  6:25  Orbital Command  
  85  6:35  Barracks  
  85  6:36  Marine x2  
  85  6:39  Marine  
  88  6:42  Marine  
  88  6:45  Marauder  
  91  6:53  Marine x2  
  93  6:56  Supply Depot  
  93  6:57  Marine  
  93  7:00  Marine  
  95  7:06  Marauder  
  97  7:11  Marine x2  
  97  7:14  Marine  
  100  7:17  Supply Depot  
  100  7:18  Marine  
  100  7:19  Supply Depot  
  102  7:26  Barracks Reactor  
  102  7:28  Marauder  
  102  7:29  Marine x2  
  104  7:32  Marine  
  104  7:36  Marine  
  104  7:41  Supply Depot  
  101  7:47  Marine x2  
  101  7:49  Marauder  
  101  7:50  Marine  
  103  7:54  Marine  
  97  8:05  Marine x2  
  99  8:08  Marine  
  99  8:10  Marine  
  99  8:11  Marine  
  102  8:14  Marine x2  
  104  8:22  Marine x2  
  104  8:26  Marine  
Show
View Real Time Build Order
Export as new Build Order

A.I. 1 (Hard) Protoss 

Build Orders:  

Get SALT Encoding   

  12  0:00  Probe  
  13  0:13  Probe  
  14  0:19  Pylon  
  14  0:25  Probe  
  15  0:34  Probe  
  15  0:40  Gateway  
  15  0:42  Probe  
  16  0:48  Assimilator  
  17  0:51  Probe  
  18  0:59  Probe  
  18  1:01  Pylon  
  19  1:21  Probe  
  20  1:28  Zealot  
  20  1:32  Cybernetics Core  
  22  1:44  Gateway  
  22  1:47  Assimilator  
  22  1:57  Zealot  
  22  2:02  Pylon  
  24  2:10  Warp Gate  
  24  2:23  Stalker  
  26  2:31  Stalker  
  28  2:46  Pylon  
  28  2:53  Stalker  
  28  2:55  Probe  
  31  3:01  Adept  
  31  3:03  Probe  
  33  3:11  Probe  
  34  3:16  Forge  
  35  3:22  Probe  
  35  3:23  Stalker  
  38  3:28  Stalker  
  38  3:31  Pylon  
  40  3:34  Probe  
  41  3:47  Probe  
  42  5:03  Sentry  
  42  5:04  Protoss Ground Weapons Level 1  
  42  5:05  Gateway  
  44  5:07  Photon Cannon  
  44  5:09  Photon Cannon  
  44  5:11  Pylon  
  44  5:12  Sentry  
  46  5:21  Zealot  
  46  5:26  Robotics Facility  
  48  5:31  Forge  
  48  5:33  Pylon  
  48  5:35  Zealot  
  50  5:44  Protoss Ground Armor Level 1, Sentry  
  52  5:55  Zealot  
  50  6:01  Stargate  
  50  6:04  Adept  
  50  6:06  Nexus  
  52  6:14  Sentry  
  52  6:16  Observer  
  55  6:20  Twilight Council  
  55  6:23  Adept  
  57  6:37  Observer  
  58  7:19  Probe  
  58  7:20  Probe  
  60  7:27  Assimilator  
  60  7:30  Pylon  
  60  7:31  Probe  
  60  7:32  Probe  
  60  7:33  Assimilator  
  60  7:35  Pylon  
  62  7:39  Zealot  
  62  7:43  Probe  
  58  7:44  Probe  
  58  7:49  Zealot  
  53  7:55  Probe  
  53  7:57  Photon Cannon  
  38  7:58  Zealot  
  38  8:00  Photon Cannon  
  38  8:02  Stalker  
  42  8:09  Stalker  
  27  8:13  Probe  
  27  8:18  Probe  
  27  8:19  Zealot  
  30  8:25  Probe  
  25  8:28  Adept  
  21  8:35  Pylon  
  21  8:37  Sentry  
Tags
 
Add a new tag
Caveats
  • Supply blocks, unpowered buildings, or Contaminate may cause inaccurate times.
  • Supply counts are checked every 10 seconds.